 Dungeon Crawl Stone Soup version 0.29.0-15-g675c0067aa (webtiles) character file.

Game seed: 15750411284287693623

37 DuloT34 the Grave Robber (level 3, -3/26 HPs)
             Began as a Demonspawn Necromancer on Sept 11, 2022.
             Frozen to death by an endoplasm (5 damage)
             ... on level 1 of the Dungeon.
             The game lasted 00:04:47 (1453 turns).

DuloT34 the Grave Robber (Demonspawn Necromancer)   Turns: 1453, Time: 00:04:49

Health: -3/26      AC:  2    Str:  8    XL:     3   Next: 23%
Magic:  0/6        EV: 14    Int: 18    God:
Gold:   47         SH:  0    Dex: 13    Spells: 5/6 levels left

rFire   . . .      SeeInvis .   d - +3 short sword
rCold   . . .      Faith    .   (no shield)
rNeg    . . .      Spirit   .   a - +0 robe
rPois   .          Reflect  .   (no helmet)
rElec   .          Harm     .   (no cloak)
rCorr   .          Rampage  .   (no gloves)
Will    .....                   (no boots)
Stlth   ++........              (no amulet)
HPRegen 0.08/turn               e - ring of flight
MPRegen 0.20/turn               (no ring)

@: flying
A: repulsion field 1, magic regeneration
a: no special abilities


You were on level 1 of the Dungeon.
You visited 1 branch of the dungeon, and saw 1 of its levels.

You collected 47 gold pieces.

Inventory:

Hand Weapons
 d - a +3 short sword (weapon)
Missiles
 c - a boomerang of dispersal (quivered)
Armour
 a - a +0 robe (worn)
Jewellery
 e - a ring of flight (left hand)


   Skills:
 + Level 1.3 Fighting
 + Level 2.2 Dodging
 - Level 1.7 Stealth
 + Level 2.4 Spellcasting
 + Level 4.7 Necromancy


You had 5 spell levels left.
You knew the following spells:

 Your Spells              Type           Power      Damage    Failure   Level
a - Necrotise             Necr           76%        1d7       2%          1

Your spell library contained the following spells:

 Spells                   Type           Power      Damage    Failure   Level
 Vampiric Draining        Necr           19%        2d7       8%          3
 Animate Dead             Necr           19%        N/A       26%         4
 Agony                    Necr           19%        N/A       56%         5


Dungeon Overview and Level Annotations

Branches:
Dungeon (1/15)

Altars:


Innate Abilities, Weirdness & Mutations

You are surrounded by a mild repulsion field. (EV +2)
You regenerate magic rapidly.


Message History

Casting: Necrotise (safe; 3% risk of failure)
Confirm with . or Enter, or press ? or * to list all spells.
Aiming: Necrotise (safe; 3% risk of failure)
Press: ? - help, Shift-Dir - straight line, f/p - gnoll
Aim: a gnoll, wielding a +0 flail (almost dead, chance to affect: 80%)
The gnoll barely resists.
The gnoll barely misses you.
You barely miss the gnoll.
The gnoll is severely wounded.
The endoplasm barely misses you. The gnoll barely misses you.
Throw: 2 boomerangs (disperse)
Press: ? - help, Q - select action, (/) - cycle Shift-Dir - straight line, f/p - gnoll
Aim: a gnoll, wielding a +0 flail (severely wounded, 60% to hit)
You throw a boomerang of dispersal.
The boomerang of dispersal barely misses the gnoll.
The endoplasm hits you. The gnoll hits you with a +0 flail!
* * * LOW HITPOINT WARNING * * *
The endoplasm closely misses you. The gnoll hits you with a +0 flail.
* * * LOW HITPOINT WARNING * * *
You hit the gnoll.
You kill the gnoll!
The endoplasm freezes you.
You are frozen.
* * * LOW HITPOINT WARNING * * *
You have reached level 3!
Your experience leads to an increase in your attributes!
Increase (S)trength, (I)ntelligence, or (D)exterity?
You feel clever. x2; Your demonic ancestry asserts itself...
Your magic begins to regenerate rapidly.
You aren't carrying any scrolls.
You aren't carrying any scrolls.
You aren't carrying any potions.
Casting: Necrotise (safe; 2% risk of failure)
Confirm with . or Enter, or press ? or * to list all spells.
Aiming: Necrotise (safe; 2% risk of failure)
Press: ? - help, Shift-Dir - straight line, f - endoplasm
Aim: an endoplasm (chance to affect: 89%)
The endoplasm writhes in agony.
The endoplasm freezes you.
You are frozen.
You die...

#.######### #.############
######### #............#
#...))...
############.#######.######.
## #.#...........#...#. ...
#.#..#######..#.#.#.
....###.#..# #####..#.#.#.
#### ........#..#
#........#.#. ...#..
......#.#@.###.##.#...#.#.
......
.......)J..........>...(..
.....#
....#.####^###.##.#)......
.....# . ..
....#.##.#..##.## ...[.+ ...
#.#)#Z##.#..##.#. .....# ###
.#.#.##.#.....#. .....#
.#.#.##.#..####. .....#
.#Z#.##.#...###. +#.#.#
.######.#.##.#.#.....


You could see an endoplasm.

Vanquished Creatures
  A gnoll (D:1)
  2 dart slugs (D:1)
  A bat (D:1)
  An endoplasm (D:1)
  3 giant cockroaches (D:1)
  5 goblins (D:1)
  2 hobgoblins (D:1)
  3 ball pythons (D:1)
  2 kobolds (D:1)
  2 rats (D:1)
22 creatures vanquished.

Notes
Turn   | Place    | Note
-------+----------+-------------------------------------------
     0 | D:1      | DuloT34 the Demonspawn Necromancer began the quest for the
                  | Orb.
     0 | D:1      | Reached XP level 1. HP: 13/13 MP: 3/3
   716 | D:1      | Gained mutation: You are surrounded by a mild repulsion
                  | field. (EV +2) [demonic ancestry]
   716 | D:1      | Reached XP level 2. HP: 19/20 MP: 1/5
   982 | D:1      | Reached skill level 1 in Fighting
  1452 | D:1      | Gained mutation: You regenerate magic rapidly. [demonic
                  | ancestry]
  1452 | D:1      | Reached XP level 3. HP: 2/26 MP: 0/6
  1453 | D:1      | Frozen to death by an endoplasm

Illustrated notes

Levels and vault maps discovered:
D:1:      tarquinn_simple_flora_water_e, layout_basic

Skill      XL: |  1  2 |
---------------+-------+-----
Dodging        | 2 |  2.2
Fighting       | 1 |  1.3
Stealth        | |  1.7
Spellcasting   | |  2.4
Necromancy     | |  4.7

Action                   || total
-------------------------++-------
Melee: Unarmed           ||     9
       Dagger            ||     6
       Short sword       ||     2
Throw: Boomerang         ||     2
 Cast: Necrotise         ||    42
  Use: Potion            ||     1
       Scroll            ||     1
 Stab: Sleeping          ||     1
Armor: Robe              ||     3
Dodge: Dodged            ||    22
